 Dungeon Crawl Stone Soup version 0.32-a0-913-g739538afd8 (webtiles) character file.

Game seed: 5410920648615993568

4 horus123 the Trooper (level 1, -2/18 HPs)
             Began as a Mountain Dwarf Warper on Apr 9, 2024.
             Slain by a kobold
             ... wielding a +0 short sword
              (4 damage)
             ... on level 1 of the Dungeon.
             The game lasted 00:00:25 (132 turns).

horus123 the Trooper (Mountain Dwarf Warper)         Turns: 132, Time: 00:00:26

Health: -2/18      AC:  3    Str: 13    XL:     1   Next: 58%
Magic:  3/3        EV: 10    Int: 13    God:
Gold:   0          SH:  0    Dex:  9    Spells: 3/3 levels left

rFire   . . .        a - +0 mace
rCold   . . .        (no shield)
rNeg    . . .        b - +0 leather armour
rPois   .            (no helmet)
rElec   .            (no cloak)
rCorr   .            (no gloves)
SInv    .            (no boots)
Will    .....        (no amulet)
Stlth   +            (no ring)
HPRegen 0.23/turn    (no ring)
MPRegen 0.08/turn

%: no passive effects
@: no status effects
A: runic magic, artefact enchanting
a: no special abilities


You were on level 1 of the Dungeon.
You visited 1 branch of the dungeon, and saw 1 of its levels.

Inventory:

Hand Weapons
 a - a +0 mace (weapon)
Missiles
 d - 7 darts of dispersal (quivered)
Armour
 b - a +0 leather armour (worn)
Scrolls
 c - a scroll of blinking
 e - a scroll of amnesia {unknown}
Potions
 f - a potion of ambrosia {unknown}


   Skills:
 + Level 2.7 Fighting
 - Level 2.4 Maces & Flails
 - Level 0.7 Throwing
 - Level 1.1 Armour
 - Level 1.3 Dodging
 - Level 1.7 Spellcasting
 - Level 2.4 Translocations


You had 3 spell levels left.
You didn't know any spells.
Your spell library contained the following spells:

 Spells                   Type           Power      Damage    Failure   Level
 Blink                    Tloc           14%        N/A       16%         2
 Lesser Beckoning         Tloc           14%        N/A       16%         2
 Shock                    Conj/Air       4%         1d3       26%         1
 Maxwell's Portable Pile  Tloc           7%         2d(5-15)  30%         3
 Teleport Other           Tloc           7%         N/A       30%         3
 Swiftness                Air            1%         N/A       63%         3
 Vhi's Electric Charge    Tloc/Air       8%         N/A       86%         4
 Airstrike                Air            0%         2d(1-17)  95%         4


Dungeon Overview and Level Annotations

Branches:
Dungeon (1/15)

Altars:

Annotations:
D:1 1 runed translucent door


Innate Abilities, Weirdness & Mutations

Your spellcasting is much less encumbered by armour.
You can use scrolls of enchantment on lesser artefacts.


Message History

The rat squeaks loudly.
You hear a shout!
A kobold comes into view. It is wielding a +0 dagger of freezing.
You see here 13 gold pieces.
A kobold comes into view. It is wielding a +0 short sword.
The rat barely misses you.
A giant cockroach comes into view.
The kobold closely misses you.
You barely miss the rat. The rat closely misses you.
The giant cockroach closely misses you.
You hit the giant cockroach.
The giant cockroach is severely wounded.
The rat bites you. The giant cockroach closely misses you.
The rat bites you but does no damage.
You hit the giant cockroach.
You kill the giant cockroach!
The rat barely misses you. The rat attacks as it pursues you!
The rat bites you.
You see here a giant cockroach corpse.
The rat closely misses you. The rat attacks as it pursues you!
The rat bites you.
You sock the rat!
You kill the rat!
You hit the kobold.
The kobold is severely wounded.
The kobold hits you with a +0 dagger of freezing.
The kobold freezes you. The kobold hits you but does no damage.
You barely miss the kobold.
The kobold is severely wounded.
The kobold hits you with a +0 dagger of freezing.
The kobold freezes you.
You hit the kobold.
You kill the kobold!
You barely miss the kobold.
The kobold hits you with a +0 short sword.
You barely miss the kobold.
The kobold hits you with a +0 short sword. x2
* * * LOW HITPOINT WARNING * * *
You closely miss the kobold.
The kobold hits you with a +0 short sword.
You die...

##..##.#.###.###.##
##.....#..........
####.###......(..
#.## ##.####.## #.#
##...#.# ##
##.##.#.#
##.###.#.#
#...)..#.#
#..###..#@# ..
##...#..#K## ...
#.#.#..#.†####.#
#.#.#..##.#.[K.#
..#....##.#....##
######..........#.
#...)##.........
#.#..#........# #
#...$>#....##


You could see a kobold.

Vanquished Creatures
  A giant cockroach (D:1)
  2 kobolds (D:1)
  2 rats (D:1)
5 creatures vanquished.

Notes
Turn   | Place    | Note
-------+----------+-------------------------------------------
     0 | D:1      | horus123 the Mountain Dwarf Warper began the quest for the
                  | Orb.
     0 | D:1      | Reached XP level 1. HP: 17/17 MP: 3/3
     1 | D:1      | Found a runed translucent door.
   132 | D:1      | Slain by a kobold

Illustrated notes

Levels and vault maps discovered:
D:1:      dpeg_arrival_caged_fury, layout_loops_ring, minmay_pentomino_u4

Action                     || total
---------------------------++-------
  Melee: Mace              ||    16
 Armour: Leather armour    ||    15
  Dodge: Dodged            ||     9

Table legend: (Time is in decaauts)
 A = Elapsed time spent in this place.
 B = Non-inter-level travel time spent in this place.
 C = Inter-level travel time spent in this place.
 D = Time resting spent in this place.
 E = Time spent auto-exploring this place.
 F = Levels seen in this place.
 G = Mean time per level.
                   A        B        C        D        E       F      G
               +--------+--------+--------+--------+--------+-----+--------+
         Total |    136 |    136 |      0 |      0 |     88 |   1 |  136.0 |
       Dungeon |    136 |    136 |      0 |      0 |     88 |   1 |  136.0 |
               +--------+--------+--------+--------+--------+-----+--------+

Top non-repeatable levels by time:
     D:1: 136 daAuts
